 Dungeon Crawl Stone Soup version 0.26-a0-30-g56b8cd3df0 (webtiles) character file.

Game seed: 7069520108542467550, levelgen mode: deterministic

199 kae the Cudgeler (level 5, 0/41 HPs)
             Began as a Demonspawn Fighter on May 29, 2020.
             Slain by an ogre
             ... wielding a +0 giant club
              (20 damage)
             ... on level 4 of the Dungeon.
             The game lasted 00:01:38 (2909 turns).

kae the Cudgeler (Demonspawn Fighter)               Turns: 2909, Time: 00:01:39

Health: 0/41       AC:  8    Str: 18    XL:     5   Next: 48%
Magic:  0/5        EV:  7    Int:  9    God:
Gold:   152        SH:  8    Dex: 12    Spells: 4/4 levels left

rFire    . . .     SeeInvis .   a - +1 flail
rCold    . . .     Gourm    .   c - +0 kite shield
rNeg     . . .     Faith    .   b - +0 scale mail
rPois    .         Spirit   +   (helmet restricted)
rElec    .         Reflect  .   (no cloak)
rCorr    .         Harm     .   (no gloves)
MR       .....                  (no boots)
Stlth    ..........             (no amulet)
HPRegen  0.13/turn              (no ring)
MPRegen  0.09/turn              (no ring)

@: no status effects
A: antennae 1, iridescent scales 1, magic shield
a: no special abilities


You were on level 4 of the Dungeon.
You were not hungry.

You visited 1 branch of the dungeon, and saw 4 of its levels.

You collected 152 gold pieces.

Inventory:

Hand Weapons
 a - a +1 flail (weapon)
Armour
 b - a +0 scale mail (worn)
 c - a +0 kite shield (worn)
Scrolls
 e - 2 scrolls of remove curse
 k - a scroll of teleportation
Potions
 d - a potion of brilliance {unknown}
 g - a potion of degeneration {unknown}
 h - a potion of invisibility {unknown}
 i - a potion of flight {unknown}
 l - a potion of mutation {unknown}
 m - 2 potions of curing {unknown}
 n - a potion of ambrosia {unknown}
Comestibles
 f - 9 rations


   Skills:
 - Level 3.0 Fighting
 * Level 5.3 Maces & Flails
 - Level 2.6 Armour
 - Level 2.6 Shields


You had 4 spell levels left.
You didn't know any spells.
Your spell library was empty.

Dungeon Overview and Level Annotations

Branches:
Dungeon (4/15)
 Temple: D:4-7

Altars:


Innate Abilities, Weirdness & Mutations

You have a pair of small antennae on your head.
You are partially covered in iridescent scales. (AC +2)
When hurt, damage is shared between your health and your magic reserves.


Message History

The orc priest looks encouraged for a moment.
You block the adder skeleton's attack.
You hit the adder skeleton.
The adder skeleton is heavily damaged.
An orc comes into view.
The adder skeleton bites you but does no damage.
The orc priest looks satisfied for a moment.
The orc moves out of view.
Your shield and scale mail prevent you from hitting the adder skeleton.
The adder skeleton is heavily damaged.
The ogre hits you with a +0 giant club.
The adder skeleton bites you but does no damage.
You sock the adder skeleton!
You destroy the adder skeleton!
The ogre hits you with a +0 giant club.
The orc priest calls down the wrath of Beogh upon you.
Beogh smites you!
There is a stone staircase leading up here.
The ogre hits you with a +0 giant club!!
You die...

#..## #..# ###
#..## ###.#
#...###...#
##......###
###o....##
####.o.....##
####...O.......##
.......@.#......#
.........##....##
##........##..##
##.....>.##...###
##......##.....#
#......##..####
##........##
##......##
#......#


You could see an ogre and 2 orc priests.

Vanquished Creatures
  A crimson imp (D:4)
  4 gnolls
  4 adders
  An adder skeleton (D:4)
  4 worms
  A dart slug (D:1)
  2 leopard geckos
  An orc (D:3)
  4 bats
  A giant cockroach (D:2)
  11 goblins
  12 hobgoblins
  2 jackals (D:3)
  11 kobolds
  A ball python (D:2)
  3 frilled lizards
  13 rats
76 creatures vanquished.

Notes
Turn   | Place    | Note
-------+----------+-------------------------------------------
     0 | D:1      | kae the Demonspawn Fighter began the quest for the Orb.
     0 | D:1      | Reached XP level 1. HP: 18/18 MP: 1/1
    34 | D:1      | Reached skill level 2 in Maces & Flails
   135 | D:1      | Gained mutation: You are partially covered in iridescent
                  | scales. (AC +2) [demonic ancestry]
   135 | D:1      | Reached XP level 2. HP: 24/24 MP: 2/2
   455 | D:1      | Reached skill level 3 in Maces & Flails
   489 | D:1      | Gained mutation: When hurt, damage is shared between your
                  | health and your magic reserves. [demonic ancestry]
   489 | D:1      | Reached XP level 3. HP: 23/29 MP: 3/3
   918 | D:2      | Reached XP level 4. HP: 28/35 MP: 2/4
   924 | D:2      | Reached skill level 4 in Maces & Flails
  1519 | D:2      | Found a faded altar of an unknown god.
  2106 | D:3      | Gained mutation: You have a pair of small antennae on your
                  | head. [demonic ancestry]
  2106 | D:3      | Reached XP level 5. HP: 41/41 MP: 5/5
  2619 | D:3      | Reached skill level 5 in Maces & Flails
  2895 | D:4      | Noticed an ogre
  2909 | D:4      | Slain by an ogre

Illustrated notes

Levels and vault maps discovered:
D:1:      psy_arrival_whirlpool, layout_loops_ring, minmay_hexomino_u4
D:2:      layout_basic, first_ration, chequers_ecumenical_altar_simple_redux,
          minmay_misc_feat_ornament
D:3:      layout_loops_cross
D:4:      layout_layer_cave, nicolae_ru_great_annihilating_truth,
          enter_ossuary_1, portal_sewer_entry_d

Skill      XL: |  1  2  3  4  5 |
---------------+----------------+-----
Maces & Flails | 2 3 4 5 |  5.3
Fighting       | |  3.0
Armour         | |  2.6
Shields        | |  2.6

Action                   |  1- 3 |  4- 6 || total
-------------------------+-------+-------++-------
Melee: Flail             |   124 |   124 ||   248
  Use: Potion            |     2 |       ||     2
       Scroll            |       |     4 ||     4
  Eat: Chunk             |       |     7 ||     7
Armor: Scale mail        |    65 |    44 ||   109
Dodge: Dodged            |    31 |    26 ||    57
Block: Kite shield       |    56 |    50 ||   106

Table legend:
 A = Non-vault XP
 B = Vault XP
 C = Vault XP percentage of total XP
 D = Non-vault monster count
 E = Vault monster count
 F = Vault count percentage of total count
                 A         B        C        D         E       F
            +---------+---------+-------+---------+---------+-------
      Total |     280 |       5 |   1.8 |      73 |       3 |   3.9
            +---------+---------+-------+---------+---------+-------
        D:1 |      77 |       5 |   6.1 |      33 |       3 |   8.3
        D:2 |      93 |       0 |   0.0 |      22 |       0 |   0.0
        D:3 |      57 |       0 |   0.0 |      16 |       0 |   0.0
        D:4 |      53 |       0 |   0.0 |       2 |       0 |   0.0
            +---------+---------+-------+---------+---------+-------
